 Dungeon Sprint DCSS version 0.31-a0-8-gd14b0f4ee2 (webtiles) character file.

Game seed: 8266020663263864822

106 Conn the Firebug (level 4, 0/27 HPs)
             Began as an Octopode Fire Elementalist on May 7, 2023.
             Killed from afar by Sigmund (8 damage)
             ... with a puff of flame
             ... in the Dungeon (Sprint I: "Red Sonja").
             The game lasted 00:01:32 (125 turns).

Conn the Firebug (Octopode Fire Elementalist)        Turns: 125, Time: 00:01:32

Health: 0/27       AC:  1    Str:  7    XL:     4   Next: 84%
Magic:  0/10       EV: 14    Int: 19    God:
Gold:   54         SH:  0    Dex: 12    Spells: 5/11 levels left

rFire   . . .        h - +0 dagger
rCold   . . .        (no shield)
rNeg    . . .        (helmet restricted)
rPois   .            (no amulet)
rElec   .            (no ring)
rCorr   .            (no ring)
SInv    .            (no ring)
Will    .....        (no ring)
Stlth   ++++         (no ring)
HPRegen 0.24/turn    (no ring)
MPRegen 0.12/turn    (no ring)
                     (no ring)

%: no teleportation
@: no status effects
A: almost no armour, amphibious, 8 rings, camouflage 1, gelatinous body 1,
(nimble swimmer 1), tentacles
a: no special abilities


You were in the Dungeon.
You visited 1 branch You collected 54 gold pieces.

Inventory:

Hand Weapons
 h - a +0 dagger (weapon)
Wands
 e - a wand of flame (13)
Scrolls
 f - a scroll of blinking
Potions
 a - 3 potions of magic
 b - a potion of curing
 c - a potion of heal wounds
 g - a potion of degeneration {unknown}


   Skills:
 + Level 3.5 Dodging
 + Level 4.6 Stealth
 + Level 4.3 Spellcasting
 + Level 1.9 Conjurations
 + Level 7.3 Fire Magic


You had 5 spell levels left.
You knew the following spells:

 Your Spells              Type           Power      Damage    Failure   Level
a - Foxfire               Conj/Fire      84%        2x1d8     1%          1
b - Scorch                Fire           62%        2d7       1%          2
c - Inner Flame           Hex/Fire       18%        N/A       9%          3

Your spell library contained the following spells:

 Spells                   Type           Power      Damage    Failure   Level
 Volatile Blastmotes      Fire/Tloc      36%        2d13      9%          3
 Flame Wave               Conj/Fire      21%        2d8       21%         4


Dungeon Overview and Level Annotations

Branches:
Dungeon (1/1)

Altars:

Annotations:
D Sigmund


Innate Abilities, Weirdness & Mutations

You cannot wear most types of armour.
You are amphibious.
You can wear up to eight rings at the same time.
Your skin changes colour to match your surroundings (Stealth+).
Your rubbery body absorbs attacks. (AC +1, EV +1)
((You are camouflaged when in or above water. (Stealth+)))
You have tentacles for arms and can constrict up to eight enemies at once.


Message History

Unknown command.
Casting: Scorch (safe; 1% risk of failure)
Confirm with . or Enter, or press ? or * to list all spells.
You conjure some foxfire!
Unknown command.
Casting: Foxfire (safe; 1% risk of failure)
Confirm with . or Enter, or press ? or * to list all spells.
Flames lash Sigmund.
Sigmund is moderately wounded.
Sigmund's fire resistance burns away.
The foxfire hits Sigmund but does no damage.
Sigmund is moderately wounded.
Sigmund hits you from afar with a +0 scythe!
The foxfire hits Sigmund but does no damage.
Sigmund is moderately wounded.
There is an open door here.
Sigmund laughs darkly.
There is a broken door, spattered with blood here.
Your extra speed is starting to run out.
Sigmund gestures at you while chanting. The magic dart hits you!
* * * LOW HITPOINT WARNING * * *
You see here a +0 giant club.
Casting: Scorch (safe; 1% risk of failure)
Confirm with . or Enter, or press ? or * to list all spells.
You conjure some foxfire!
You feel yourself slow down.
The foxfire hits Sigmund.
Sigmund is heavily wounded.
The foxfire hits Sigmund!
Sigmund is severely wounded.
There is a fountain of clear blue water here.
Aiming: Throw Flame
Press: ? - help, Shift-Dir - straight line, f - Sigmund
Aim: Sigmund, wielding a +0 scythe and wearing a +0 robe (severely wounded, 64% to hit)
The puff of flame hits Sigmund.
Sigmund is almost dead.
Sigmund gestures at you while chanting. The puff of flame hits you!
You die...

########## ##
#<.#..'@.#..+
#.['..#..'..#
#.@#####'####
#)§# #..#
#.§# ####
#.§# #⌠@#
####


You could see Sigmund.

Vanquished Creatures
  An ogre (D)
  Ijyb (D)
2 creatures vanquished.

Vanquished Creatures (others)
  10 foxfires (D)
10 creatures vanquished.

Grand Total: 12 creatures vanquished

Notes
Turn   | Place    | Note
-------+----------+-------------------------------------------
     0 | D        | Conn the Octopode Fire Elementalist began the quest for the
                  | Orb.
     0 | D        | Reached XP level 1. HP: 11/11 MP: 3/3
     3 | D        | Noticed Ijyb
     7 | D        | Killed Ijyb
     8 | D        | Reached skill level 5 in Fire Magic
     8 | D        | Reached XP level 2. HP: 9/17 MP: 1/6
     8 | D        | Reached XP level 3. HP: 11/21 MP: 1/7
    68 | D        | Learned a level 2 spell: Scorch
    72 | D        | Learned a level 3 spell: Inner Flame
    73 | D        | Noticed an ogre
    86 | D        | Killed an ogre
    87 | D        | Reached skill level 7 in Fire Magic
    87 | D        | Reached XP level 4. HP: 27/27 MP: 1/10
   108 | D        | Noticed Sigmund
   125 | D        | Killed from afar by Sigmund

Illustrated notes

Levels and vault maps discovered:
D:        dungeon_sprint_1 [red_sonja_temple_1, red_sonja_temple_small_1]

Skill      XL: |  1  2  3 |
---------------+----------+-----
Stealth        | 3 4 |  4.6
Spellcasting   | 3 4 |  4.3
Fire Magic     | 5 7 |  7.3
Dodging        | 3 |  3.5
Conjurations   | |  1.9

Action                     |  1- 3 |  4- 6 || total
---------------------------+-------+-------++-------
  Melee: Unarmed           |     3 |       ||     3
         Constrict         |     1 |       ||     1
         Tentacles         |     1 |       ||     1
   Cast: Foxfire           |     3 |     2 ||     5
         Scorch            |     2 |     1 ||     3
  Evoke: Wand              |       |     1 ||     1
    Use: Potion            |     2 |       ||     2

Table legend: (Time is in decaauts)
 A = Elapsed time spent in this place.
 B = Non-inter-level travel time spent in this place.
 C = Inter-level travel time spent in this place.
 D = Time resting spent in this place.
 E = Time spent auto-exploring this place.
 F = Levels seen in this place.
 G = Mean time per level.
                   A        B        C        D        E       F      G
               +--------+--------+--------+--------+--------+-----+--------+
         Total |    114 |    114 |      0 |     54 |      0 |   1 |  114.0 |
       Dungeon |    114 |    114 |      0 |     54 |      0 |   1 |  114.0 |
               +--------+--------+--------+--------+--------+-----+--------+

Top non-repeatable levels by time:
       D: 114 daAuts
